 Dungeon Crawl Stone Soup version 0.18.1-50-g88ac8fd (webtiles) character file.

90 Trysia the Poker (level 4, -8/36 HPs)
             Began as a Minotaur Berserker on Aug 31, 2016.
             Was a Believer of Trog.
             Mangled by bworf's ghost (15 damage)
             ... on level 3 of the Dungeon on Sept 21, 2016.
             The game lasted 00:12:47 (3244 turns).

Trysia the Poker (Minotaur Berserker)               Turns: 3244, Time: 00:12:48

Health: -8/36      AC:  5    Str: 22    XL:     4   Next: 32%
Magic:  3/3        EV: 12    Int:  4    God:    Trog [**....]
Gold:   199        SH:  0    Dex: 10    Spells: 0 memorised, 3 levels left

rFire  . . .     SeeInvis .     a - +0 spear
rCold  . . .     Gourm    .     t - +0 ring mail
rNeg   . . .     Faith    .     (no shield)
rPois  .         Spirit   .     (helmet restricted)
rElec  +         Dismiss  .     (no cloak)
rCorr  .         Reflect  .     (no gloves)
SustAt .         Harm     .     (no boots)
MR     .....     Rnd*Rage +     (no amulet)
Stlth  ..........               (no ring)
                                (no ring)

@: not resistant to hostile enchantments, extremely unstealthy
A: retaliatory headbutt, horns 2, berserk 1, frail 1, electricity resistance
a: Berserk, Trog's Hand, Burn Spellbooks, Renounce Religion


You were on level 3 of the Dungeon.
You worshipped Trog.
Trog was pleased with you.
You were not hungry.

You visited 1 branch of the dungeon, and saw 3 of its levels.

You collected 199 gold pieces.

Inventory:

Hand Weapons
 a - a +0 spear (weapon)
 j - a +0 falchion
 l - a +0 trident
Missiles
 i - 73 stones (quivered)
 p - 13 sling bullets
Armour
 t - a +0 ring mail (worn)
Scrolls
 g - a scroll of enchant weapon {unknown}
 k - a scroll of amnesia {unknown}
 n - a scroll of immolation {unknown}
 o - a scroll of magic mapping
 q - 2 scrolls of remove curse
 r - a scroll of random uselessness {unknown}
 s - a scroll of teleportation
Potions
 b - 2 potions of brilliance {unknown}
 e - a potion of cure mutation {unknown}
 f - a potion of lignification {unknown}
 h - 2 potions of mutation
 m - a potion of resistance {unknown}
Comestibles
 c - 4 bread rations
 d - 3 meat rations
 u - 6 chunks of flesh


   Skills:
 + Level 4.4 Fighting
 + Level 4.5 Polearms
 + Level 3.1 Armour
 + Level 3.1 Dodging
 + Level 0.1 Stealth


You had 3 spell levels left.
You didn't know any spells.

Dungeon Overview and Level Annotations

Branches:
Dungeon (3/15)

Altars:
Makhleb
Vehumet

Annotations:
D:3 bworf's ghost, amateur OgHu


Innate Abilities, Weirdness & Mutations

You reflexively headbutt those who attack you in melee.
You have a pair of horns on your head.
You tend to lose your temper in combat.
You are frail (-10% HP).
You are resistant to electric shocks.


Message History

You feel sick.
You are no longer poisoned.
Bworf's ghost (amateur Ogre Hunter) comes into view.
Bworf's ghost closely misses you. Bworf's ghost hits you.
Bworf's ghost closely misses you. Bworf's ghost closely misses you.
Bworf's ghost closely misses you. You furiously retaliate!
You headbutt bworf's ghost. Bworf's ghost misses you. Bworf's ghost hits you!
* * * LOW HITPOINT WARNING * * *
Bworf's ghost misses you. You furiously retaliate!
You headbutt bworf's ghost! Bworf's ghost hits you.
* * * LOW HITPOINT WARNING * * *
Bworf's ghost hits you.
* * * LOW HITPOINT WARNING * * *
Bworf's ghost hits you but does no damage.
Bworf's ghost hits you!
You die...

#.......# .
#####.......# .#
#...........##.#
#......###.....#
#......# #...#.#
####......###'#.#.#
#.....####........#
#.....# #.W......#
#.....# #@......>#
+.....# #......###
#.....# #.#..###
#.....# #.#..#
####'## #.#..# #.#
#>#..# #.# #.#...
##### #.#####.##.##
....# #.##..#


You could see bworf's ghost.

Vanquished Creatures
  3 adders
  2 giant geckos
  An orc (D:3)
  5 bats (D:1)
  8 giant cockroaches
  3 goblins (D:1)
  4 hobgoblins
  7 jackals
  7 kobolds
  3 quokkas (D:2)
  A ball python (D:2)
  4 giant newts
  7 rats
55 creatures vanquished.

Notes
Turn   | Place    | Note
--------------------------------------------------------------
     0 | D:1      | Trysia the Minotaur Berserker began the quest for the Orb.
     0 | D:1      | Reached XP level 1. HP: 19/19 MP: 0/0
   103 | D:1      | Reached XP level 2. HP: 27/27 MP: 1/1
   416 | D:1      | Reached ** piety under Trog
   520 | D:1      | Upgraded the game from 0.18.1-48-g4cf74bf to 0.18.1-50-g88ac8fd
   859 | D:1      | Reached XP level 3. HP: 30/33 MP: 2/2
  2201 | D:2      | Found a burning altar of Makhleb.
  2201 | D:2      | Found a radiant altar of Vehumet.
  2362 | D:3      | Noticed a phantom
  2835 | D:2      | Gained mutation: You are resistant to electric shocks. [potion of mutation]
  2835 | D:2      | Gained mutation: You tend to lose your temper in combat. [potion of mutation]
  2835 | D:2      | Gained mutation: You are frail (-10% HP). [potion of mutation]
  3067 | D:3      | Reached XP level 4. HP: 36/36 MP: 3/3
  3227 | D:3      | Noticed bworf's ghost (amateur OgHu)
  3244 | D:3      | Mangled by bworf's ghost

Skill      XL: |  1  2  3  4 |
---------------+-------------+-----
Fighting       | 4 |  4.4
Polearms       | 4 |  4.5
Armour         | 3 |  3.1
Dodging        | 3 |  3.1
Stealth        | |  0.1

Action                   |  1- 3 |  4- 6 || total
-------------------------+-------+-------++-------
Melee: Spear             |    93 |    21 ||   114
       Headbutt          |    11 |     2 ||    13
       Unarmed           |     3 |       ||     3
Throw: Stone             |     2 |       ||     2
Invok: Berserk           |     2 |       ||     2
  Use: Scroll            |     3 |       ||     3
       Potion            |     1 |       ||     1
 Stab: Sleeping          |     1 |       ||     1
  Eat: Chunk             |     3 |       ||     3
       Meat ration       |     1 |       ||     1
       Royal jelly       |     1 |       ||     1
       Beef jerky        |     1 |       ||     1
Armor: Animal skin       |    10 |       ||    10
       Leather armour    |     9 |       ||     9
       Ring mail         |    18 |    11 ||    29
Dodge: Dodged            |   106 |    16 ||   122
